Map: 2000 Atmospheres LE

Players

Clem - Winner!

  • Race: Terran Terran

ShoWTimE

  • Race: Protoss Protoss

Event: DreamHack SC2 Masters 2021 Winter

VOD

Have the link to the VOD?

Description

Time

  • Played on: Oct. 17, 2021, 12:03 p.m.
  • Length: 7:33

All games in this series

Show
View Real Time Build Order
Export as new Build Order

Clem Terran - Winner!

Build Orders:  

Get SALT Encoding   

  12  0:00  SCV  
  13  0:12  SCV  
  14  0:17  Supply Depot  
  14  0:24  SCV  
  15  0:38  SCV  
  15  0:39  Barracks  
  16  0:43  Refinery  
  16  0:50  SCV  
  17  1:02  SCV  
  18  1:15  SCV  
  19  1:26  Marine  
  19  1:27  Orbital Command  
  20  1:41  Command Center  
  20  1:50  Factory  
  20  1:54  SCV  
  21  2:02  Barracks Reactor  
  21  2:04  Supply Depot  
  21  2:08  SCV  
  22  2:13  Refinery  
  22  2:20  SCV  
  23  2:32  SCV  
  23  2:34  Hellion  
  26  2:38  Starport, Marine  
  26  2:39  Marine  
  28  2:44  SCV  
  29  2:53  Orbital Command  
  29  2:56  Hellion  
  31  2:58  SCV  
  31  3:00  Marine  
  31  3:02  Marine  
  34  3:10  SCV  
  35  3:16  Medivac  
  35  3:19  Supply Depot, SCV  
  38  3:24  Hellion  
  38  3:25  Marine  
  41  3:28  Marine  
  41  3:32  SCV x2  
  44  3:44  SCV x2  
  44  3:45  Factory Tech Lab  
  44  3:46  Barracks  
  44  3:47  Starport Tech Lab  
  46  3:49  Marine x2  
  46  3:55  Supply Depot  
  48  3:56  SCV  
  48  4:00  SCV  
  50  4:04  Barracks  
  50  4:05  Raven  
  50  4:08  SCV  
  53  4:11  Siege Tank  
  53  4:16  Marine  
  53  4:17  Marine  
  53  4:19  SCV  
  55  4:25  SCV  
  55  4:26  Engineering Bay  
  53  4:34  SCV, Marine x2  
  56  4:40  Refinery  
  56  4:43  SCV  
  56  4:48  Supply Depot, SCV  
  56  4:52  Stimpack, Marine  
  57  4:53  Terran Infantry Weapons Level 1  
  57  4:54  Marine x2  
  57  4:55  SCV  
  57  4:59  Supply Depot, Refinery  
  61  5:01  Marine  
  61  5:02  Combat Shield  
  62  5:10  Supply Depot, SCV x2, Starport Reactor  
  62  5:14  Factory Reactor, Marine x2  
  66  5:22  SCV x2  
  66  5:23  Supply Depot  
  68  5:30  Marauder  
  68  5:32  Marine x2  
  68  5:33  Marauder  
  68  5:34  SCV x2  
  68  5:35  Supply Depot  
  76  5:38  Supply Depot  
  76  5:46  Medivac x2  
  76  5:49  Marine x2  
  80  5:52  Widow Mine x2  
  90  5:57  Marauder x2  
  90  6:07  Command Center  
  90  6:09  Marine x2  
  92  6:15  Supply Depot, Widow Mine  
  92  6:17  Widow Mine  
  96  6:22  Medivac x2  
  100  6:25  Marauder  
  100  6:30  Marauder  
  100  6:32  Concussive Shells, Marine  
  100  6:40  Marine  
  100  6:42  SCV x2  
  100  6:46  Widow Mine x2  
  105  6:47  Marauder  
  105  6:52  Medivac  
  107  6:56  Marauder  
  107  6:59  Medivac  
  111  7:02  Supply Depot  
  111  7:04  Marine  
  111  7:05  Marine  
  111  7:07  SCV  
  111  7:08  SCV  
  113  7:12  Marauder  
  114  7:18  Supply Depot  
Show
View Real Time Build Order
Export as new Build Order

ShoWTimE Protoss 

Build Orders: 1 Gate Expand, Blink Stalkers 

Get SALT Encoding   

  12  0:00  Probe  
  13  0:12  Probe  
  14  0:16  Pylon  
  14  0:24  Probe (Chrono Boost)  
  15  0:35  Gateway  
  15  0:36  Probe (Chrono Boost)  
  16  0:45  Probe (Chrono Boost)  
  16  0:46  Assimilator  
  17  0:51  Probe  
  18  1:03  Probe  
  19  1:15  Probe  
  20  1:22  Nexus  
  20  1:31  Cybernetics Core  
  20  1:34  Probe  
  21  1:40  Assimilator  
  21  1:46  Probe  
  22  1:50  Pylon  
  22  1:58  Probe  
  23  2:05  Adept (Chrono Boost)  
  25  2:10  Probe  
  25  2:12  Warp Gate  
  25  2:23  Twilight Council, Probe  
  25  2:25  Stalker (Chrono Boost)  
  28  2:34  Probe (Chrono Boost)  
  30  2:40  Probe (Chrono Boost)  
  31  2:44  Probe (Chrono Boost)  
  31  2:48  Probe (Chrono Boost)  
  31  2:49  Probe (Chrono Boost)  
  33  2:53  Blink (Chrono Boost)  
  33  2:59  Probe  
  33  3:00  Probe  
  33  3:04  Stalker  
  37  3:11  Probe  
  37  3:12  Probe  
  39  3:14  Gateway  
  39  3:23  Probe  
  39  3:24  Robotics Facility  
  39  3:25  Probe  
  41  3:36  Probe  
  41  3:37  Pylon  
  42  3:45  Probe  
  42  3:48  Probe  
  44  3:51  Nexus  
  44  3:56  Pylon  
  44  3:58  Probe  
  44  4:01  Stalker  
  47  4:04  Probe  
  48  4:10  Probe  
  48  4:11  Stalker  
  48  4:16  Probe  
  52  4:22  Probe  
  51  4:28  Probe  
  51  4:30  Stalker  
  52  4:34  Probe  
  47  4:38  Stalker  
  47  4:40  Probe  
  50  4:46  Probe  
  50  4:47  Assimilator  
  50  4:49  Observer  
  50  4:52  Probe  
  53  4:54  Assimilator  
  53  4:56  Forge  
  53  4:58  Probe  
  54  5:01  Templar Archives  
  54  5:04  Probe  
  54  5:05  Probe, Pylon  
  56  5:10  Probe, Charge (Chrono Boost)  
  57  5:16  Probe  
  57  5:19  Probe  
  57  5:20  Stalker  
  61  5:22  Probe  
  61  5:25  Protoss Ground Weapons Level 1 (Chrono Boost)  
  61  5:27  Gateway  
  62  5:29  Gateway  
  62  5:33  Psionic Storm, Probe  
  62  5:35  Probe  
  64  5:36  Probe  
  64  5:40  Gateway  
  65  5:49  Probe x2  
  67  5:54  Stalker  
  67  5:56  Shield Battery  
  68  5:58  Stalker  
  68  6:02  Gateway  
  70  6:08  Gateway  
  70  6:10  Gateway  
  70  6:12  Pylon  
  70  6:16  Probe x2  
  72  6:23  High Templar x2  
  76  6:32  Shield Battery  
  76  6:33  Stalker  
  76  6:34  Stalker  
  76  6:35  Probe  
  76  6:36  Probe  
  78  6:41  Zealot  
  78  6:48  Probe x2  
  78  6:58  Zealot x5  
  78  7:00  Probe  
  79  7:01  Probe x2  
  73  7:12  Probe  
  73  7:13  Probe x2  
  73  7:15  Zealot x3  
  74  7:30  Zealot x2  

Tags
 
Add a new tag
Caveats
  • Supply blocks, unpowered buildings, or Contaminate may cause inaccurate times.
  • Supply counts are checked every 10 seconds.